 Dungeon Crawl Stone Soup version 0.30-a0-571-gdf30a72648 (webtiles) character file.

Game seed: 14967870754065904582

231 avis the Shooter (level 5, -2/46 HPs)
             Began as a Demigod Hunter on Dec 29, 2022.
             Slain by a gnoll
             ... wielding a +0 halberd
              (14 damage)
             ... on level 4 of the Dungeon on Dec 30, 2022.
             The game lasted 00:12:05 (3011 turns).

avis the Shooter (Demigod Hunter)                   Turns: 3011, Time: 00:12:06

Health: -2/46      AC:  4    Str: 12    XL:     5   Next: 44%
Magic:  7/7        EV: 12    Int:  7    God:
Gold:   192        SH:  0    Dex: 21    Spells: 4/4 levels left

rFire   . . .      SeeInvis .    a - +5 war axe "Earthworm" {vamp, rPois rC+ Int-4}
rCold   + . .      Faith    .    (no shield)
rNeg    . . .      Spirit   .    c - +0 leather armour
rPois   +          Reflect  .    t - +0 helmet
rElec   .          Harm     .    (no cloak)
rCorr   .          Rampage  .    (no gloves)
Will    .....                    (no boots)
Stlth   ++                       (no amulet)
HPRegen 0.27/turn                (no ring)
MPRegen 0.10/turn                (no ring)

@: no status effects
A: high MP 1, forlorn, divine attributes
a: no special abilities


You were on level 4 of the Dungeon.
You visited 1 branch of the dungeon, and saw 4 of its levels.

You collected 192 gold pieces.

Inventory:

Hand Weapons
 a - the +5 war axe "Earthworm" (weapon) {vamp, rPois rC+ Int-4}
   (You found it on level 3 of the Dungeon)

   It occasionally heals its wielder for a portion of the damage dealt when it
   wounds a living foe.
   Int:       It affects your intelligence (-4).
   rC:        It protects you from cold.
   rPois:     It protects you from poison.
 b - a +0 shortbow
 w - a +2 mace of venom
Missiles
 h - 6 poisoned darts
 s - 3 throwing nets
Armour
 c - a +0 leather armour (worn)
 k - an orb of guile
 t - a +0 helmet (worn)
Wands
 o - a wand of mindburst (14)
Scrolls
 d - 5 scrolls of identify {unknown}
 e - 2 scrolls of immolation
 g - a scroll of noise {unknown}
 n - a scroll of fear {unknown}
 p - a scroll of acquirement {unknown}
 q - 2 scrolls of fog {unknown}
 u - a scroll of blinking {unknown}
 v - a scroll of teleportation {unknown}
Potions
 f - a potion of curing
 i - a potion of resistance {unknown}
 j - a potion of lignification {unknown}
 l - a potion of attraction {unknown}
 m - a potion of heal wounds {unknown}
 r - a potion of ambrosia {unknown}


   Skills:
 - Level 4.0 Fighting
 * Level 5.2 Ranged Weapons
 - Level 2.0 Dodging
 - Level 0.8 Stealth


You had 4 spell levels left.
You didn't know any spells.
Your spell library was empty.

Dungeon Overview and Level Annotations

Branches:
Dungeon (4/15)
 Temple: D:4-7


Innate Abilities, Weirdness & Mutations

You have an increased reservoir of magic. (+10% MP)
You shall have no god before yourself.
Your divine heritage dramatically boosts your attributes as you level up.


Message History

The hound bites you. The adder bites you. The hound bites you.
The adder bites you.
You slash the adder!
You kill the adder!
You closely miss the hound. The hound completely misses you.
The hound bites you.
* * * LOW HITPOINT WARNING * * *
Your Ranged Weapons skill increases to level 5!
You hit the hound.
You feel better.
The hound is severely wounded.
The hound bites you.
* * * LOW HITPOINT WARNING * * *
The hound bites you.
* * * LOW HITPOINT WARNING * * *
The hound bites you.
* * * LOW HITPOINT WARNING * * *
Okay, then.
You slash the hound!
You feel better.
You kill the hound!
The ball python closely misses you. The ball python grabs you.
The ball python constricts you.
You barely miss the ball python.
A gnoll comes into view. It is wielding a +0 halberd.
The ball python bites you but does no damage.
The ball python constricts you. The ball python bites you.
* * * LOW HITPOINT WARNING * * *
The ball python constricts you.
* * * LOW HITPOINT WARNING * * *
The gnoll shouts!
You hit the ball python.
You feel better.
You kill the ball python!
The gnoll hits you from afar with a +0 halberd.
* * * LOW HITPOINT WARNING * * *
It was a potion of curing.
You feel better. The endoplasm freezes you.
You are frozen.
You resist.
* * * LOW HITPOINT WARNING * * *
A gnoll comes into view. It is wielding a +1 halberd of venom.
The gnoll hits you from afar with a +0 halberd!
You die...

### ..# ##
$.# ... #.#
....
#####.##.....
#..g.........
#@# #J# ..#
...# g#### ##


You could see 2 gnolls and an endoplasm.

Vanquished Creatures
  A scorpion (D:4)
  A hound (D:4)
  4 gnolls (D:3)
  3 adders
  2 dart slugs (D:2)
  An orc (D:3)
  6 bats
  6 endoplasms
  3 giant cockroaches
  3 goblins
  12 hobgoblins
  4 jackals
  3 kobolds
  7 quokkas
  5 ball pythons
  3 frilled lizards
  6 rats
70 creatures vanquished.

Notes
Turn   | Place    | Note
-------+----------+-------------------------------------------
     0 | D:1      | avis the Demigod Hunter began the quest for the Orb.
     0 | D:1      | Reached XP level 1. HP: 17/17 MP: 3/3
   149 | D:1      | Upgraded the game from 0.30-a0-568-g124715a40b to
                  | 0.30-a0-571-gdf30a72648
   253 | D:1      | Reached XP level 2. HP: 16/25 MP: 4/4
  1083 | D:2      | Reached skill level 4 in Ranged Weapons
  1083 | D:2      | Reached XP level 3. HP: 31/31 MP: 5/5
  2025 | D:3      | Reached XP level 4. HP: 40/40 MP: 6/6
  2420 | D:3      | Identified the +5 war axe "Earthworm" {vamp, rPois rC+
                  | Int-4}
  3002 | D:4      | Reached XP level 5. HP: 42/46 MP: 7/7
  3007 | D:4      | Reached skill level 5 in Ranged Weapons
  3011 | D:4      | Slain by a gnoll

Illustrated notes

Levels and vault maps discovered:
D:1:      dpeg_arrival_triangle_fractal, layout_basic
D:2:      minmay_evil_eye, layout_basic, basic_altar
D:3:      layout_loops_corners, mainiacjoe_overflow_boulevard, kennysheep_potato
D:4:      lemuel_castle_with_subvaults [lemuel_castle_interior_original],
          layout_loops_corners, ebering_ghost_sewer_d, uniq_sigmund

Skill      XL: |  1  2  3  4  5 |
---------------+----------------+-----
Fighting       | 2 3 4 |  4.0
Ranged Weapons | 4 5 |  5.2
Dodging        | 2 |  2.0
Stealth        | |  0.8

Action                   |  1- 3 |  4- 6 || total
-------------------------+-------+-------++-------
Melee: War axe           |       |    14 ||    14
 Fire: Shortbow          |   118 |    53 ||   171
  Use: Potion            |       |     1 ||     1
Armor: Leather armour    |    12 |    13 ||    25
Dodge: Dodged            |    26 |    35 ||    61

Table legend: (Time is in decaauts)
 A = Elapsed time spent in this place.
 B = Non-inter-level travel time spent in this place.
 C = Inter-level travel time spent in this place.
 D = Time resting spent in this place.
 E = Time spent auto-exploring this place.
 F = Levels seen in this place.
 G = Mean time per level.
                   A        B        C        D        E       F      G
               +--------+--------+--------+--------+--------+-----+--------+
         Total |   3075 |   2669 |    406 |    121 |   1990 |   4 |  768.8 |
       Dungeon |   3075 |   2669 |    406 |    121 |   1990 |   4 |  768.8 |
               +--------+--------+--------+--------+--------+-----+--------+

Top non-repeatable levels by time:
     D:2: 1116 daAuts
     D:3: 972 daAuts
     D:1: 956 daAuts
     D:4: 30 daAuts
